 Dungeon Crawl Stone Soup version 0.30-a0-585-g93115170b9 (webtiles) character file.

Game seed: 16836916174743234913

3611 spardeous the Nimble (level 9, -10/37 HPs)
             Began as a Felid Earth Elementalist on Jan 2, 2023.
             Was an Initiate of Gozag.
             Mangled by a four-headed hydra (12 damage)
             ... in a Gauntlet.
             The game lasted 00:29:15 (17449 turns).

spardeous the Nimble (Felid Earth Elementalist)    Turns: 17449, Time: 00:29:16

Health: -10/37     AC:  2    Str:  4    XL:     9   Next: 86%
Magic:  0/29       EV: 26    Int: 20    God:    Gozag
Gold:   2038       SH:  0    Dex: 18    Spells: 9/22 levels left
                                        Lives:  0   Deaths: 3

rFire   . . .      SeeInvis +      - Unarmed
rCold   . . .      Faith    .    (shield unavailable)
rNeg    . . .      Spirit   +    (body armour unavailable)
rPois   .          Reflect  .    (helmet unavailable)
rElec   .          Harm     .    (cloak unavailable)
rCorr   .          Rampage  .    (gloves unavailable)
Will    ++...      NoTele   +    (boots unavailable)
Stlth   ++++                     t - amulet of guardian spirit
HPRegen 0.26/turn                k - ring of willpower
MPRegen 0.21/turn                o - ring of magical power

@: very slightly contaminated, hasted and slowed, quick
A: very small, claws 1, fangs 3, see invisible, speed 1, shaggy fur 2, stealthy
paws, no weapons or thrown items, no armour, multi-lived, frail 1
a: Renounce Religion, Potion Petition, Call Merchant, Bribe Branch


You were in a Gauntlet.
You worshipped Gozag.
Gozag was most pleased with you.
You visited 3 branches of the dungeon, and saw 13 of its levels.
You also visited: Gauntlet.

You collected 2145 gold pieces.
You paid 107 gold pieces to Gozag.

Inventory:

Hand Weapons
 B - the +2 mace of Otuz {drain, rN+}
   (You found it in a Gauntlet)

   A truly terrible weapon, it drains the life of any living foe it strikes.
   rN:        It protects you from negative energy.
Jewellery
 k - a ring of willpower (left paw)
 o - a ring of magical power (right paw)
 s - a ring of resist corrosion
 t - an amulet of guardian spirit (around neck)
 v - a +4 ring of slaying
 G - an amulet of regeneration
Wands
 I - a wand of polymorph (17)
 J - a wand of charming (5)
Scrolls
 b - 3 scrolls of torment {unknown}
 d - 4 scrolls of teleportation
 g - 3 scrolls of silence {unknown}
 i - 2 scrolls of immolation {unknown}
 j - 5 scrolls of amnesia {unknown}
 l - 3 scrolls of butterflies {unknown}
 n - a scroll of poison {unknown}
 p - a scroll of acquirement {unknown}
 w - 3 scrolls of fear {unknown}
 x - 3 scrolls of magic mapping {unknown}
 y - 4 scrolls of vulnerability {unknown}
 C - a scroll of noise {unknown}
 D - 2 scrolls of blinking {unknown}
 E - a scroll of enchant weapon {unknown}
 F - a scroll of fog {unknown}
Potions
 a - 2 potions of magic
 c - a potion of cancellation {unknown}
 e - 6 potions of curing
 f - a potion of flight
 m - 3 potions of lignification
 q - 2 potions of might
 r - 2 potions of haste
 u - a potion of heal wounds {unknown}
 z - a potion of berserk rage
 A - a potion of brilliance
 H - a potion of ambrosia
 L - a potion of attraction
Miscellaneous
 h - a tin of tremorstones (2/2)


   Skills:
 + Level 6.4 Fighting
 - Level 11.7 Dodging
 - Level 6.7 Stealth
 - Level 4.0 Unarmed Combat
 - Level 7.0 Spellcasting
 - Level 10.1 Conjurations
 - Level 1.1 Transmutations
 - Level 5.9 Earth Magic


You had 9 spell levels left.
You knew the following spells:

 Your Spells              Type           Power      Damage    Failure   Level
a - Sandblast             Erth           62%        2d14      1%          1
b - Stone Arrow           Conj/Erth      78%        3d11      1%          3
c - Petrify               Tmut/Erth      21%        N/A       22%         4
d - Spider Form           Tmut/Pois      9%         N/A       22%         3
e - Wereblood             Tmut           11%        N/A       9%          2

Your spell library contained the following spells:

 Spells                   Type           Power      Damage    Failure   Level
 Passwall                 Tmut/Erth      17%        N/A       3%          2
 Beastly Appendage        Tmut           22%        N/A       6%          1
 Slow                     Hex            28%        N/A       10%         1
 Leda's Liquefaction      Hex/Erth       9%         N/A       26%         4
 Call Canine Familiar     Summ           7%         N/A       28%         3
 Confusing Touch          Hex            7%         N/A       28%         3
 Frozen Ramparts          Ice            14%        1d3       28%         3
 Vampiric Draining        Necr           7%         2d6       28%         3
 Ice Form                 Ice/Tmut       9%         N/A       58%         4
 Summon Ice Beast         Ice/Summ       7%         N/A       67%         4
 Portal Projectile        Hex/Tloc       Unusable   N/A       N/A         3

Dungeon Overview and Level Annotations

Branches:
Dungeon (11/15)            Temple (1/1) D:5            Lair (1/5) D:11
Gauntlet (1/1)
    Orc: D:9-12

Altars:
Ashenzari
Cheibriados
Dithmenos
Elyvilon
Fedhas
Gozag
Hepliaklqana
Kikubaaqudgha
Makhleb
Nemelex Xobeh
Okawaru
Qazlal
Ru
Sif Muna
Trog
Uskayaw
Vehumet
Wu Jian
Xom
Yredelemnul
Zin
The Shining One

Shops:
D:8 (

Annotations:
Lair:1 Amaemon Gauntlet 7 transporters


Innate Abilities, Weirdness & Mutations

You have sharp claws.
You have razor-sharp teeth.
You have supernaturally acute eyesight. (SInv)
You cover ground quickly. (Speed+)
You are covered in thick fur. (AC +2)
Your paws help you pounce on unaware monsters.
You are incapable of wielding weapons or throwing items.
You cannot wear armour.
You gain extra lives every three experience levels.
You are frail. (-10% HP)


Message History

Confirm with . or Enter, or press ? or * to list all spells.
Aiming: Stone Arrow (safe; 1% risk of failure)
Press: ? - help, Shift-Dir - straight line, f/p - four-headed hydra
Aim: a four-headed hydra (heavily wounded, 91% to hit)
The stone arrow hits the four-headed hydra!!
The four-headed hydra is almost dead.
The four-headed hydra bites you. The four-headed hydra misses you.
The four-headed hydra closely misses you.
The four-headed hydra bites you! The torpor snail completely misses you.
Casting: Stone Arrow (safe; 1% risk of failure)
Confirm with . or Enter, or press ? or * to list all spells.
Aiming: Stone Arrow (safe; 1% risk of failure)
Press: ? - help, Shift-Dir - straight line, f/p - four-headed hydra
Aim: a four-headed hydra (severely wounded, 91% to hit)
You miscast Stone Arrow.
You are very lightly contaminated with residual magic.
Nothing appears to happen.
The four-headed hydra closely misses you. x2
The four-headed hydra bites you! The four-headed hydra misses you.
The torpor snail completely misses you. The four-headed hydra bites you.
The four-headed hydra bites you!
* * * LOW HITPOINT WARNING * * *
The four-headed hydra misses you. The four-headed hydra bites you.
* * * LOW HITPOINT WARNING * * *
Casting: Stone Arrow (safe; 1% risk of failure)
Confirm with . or Enter, or press ? or * to list all spells.
You don't have enough magic to cast this spell.
Unknown command.
As you read the scroll labelled HOCOFU FEITWA, it crumbles to dust.
You feel a strange sense of stasis.
It was a scroll of teleportation.
The four-headed hydra completely misses you.
The four-headed hydra bites you.
* * * LOW HITPOINT WARNING * * *
The four-headed hydra misses you. x2; The torpor snail misses you.
Okay, then.
It was a potion of haste.
You feel yourself speed up.
The four-headed hydra completely misses you.
The four-headed hydra bites you!
You die...
Your body crumbles into a pile of gold.

#....#.∩.....................
#...©#..#########..#########.
#....#§.#....##.#..#..##...#.
...###.§##..##..#..#.#...###.
#.. #§§.###.#...####.#.^#..##
#. ##§.#©##.##.#©©#§.#©#..#§
#§..#...#.######..#^.#.##
##..#$[##w.##..###...#.#.
#≈..#)##@D.$#..#...##..#.
##..#########..#########.
#≈.......................
##....................§..
#≈#§#≈#≈#≈#≈#≈#≈#≈#≈#≈#§
########################


You could see a four-headed hydra and a torpor snail.

Vanquished Creatures
  2 two-headed ogres
  An orc knight (D:10)
  A deep elf pyromancer (D:10)
  A cyclops (D:10)
  A cane toad (Lair:1)
  2 komodo dragons (Lair:1)
  The ghost of OTABOTABOTAB the Changer, a novice OpTm of Gozag (D:5)
  An unseen horror (D:11)
  An ice devil (Gauntlet)
  2 trolls
  The ghost of pigah the Insei, an amateur OpWn (D:4)
  3 centaur simulacra (Gauntlet)
  Sigmund (D:2)
  2 shadows (D:11)
  3 wyverns
  10 yaks
  2 wraiths
  A basilisk (D:10)
  A steam dragon (D:8)
  5 water moccasins
  2 ice beasts
  2 black bears (D:7)
  7 orc warriors
  2 sky beasts (D:7)
  3 ogres
  4 centaurs
  A kobold brigand (D:8)
  A phantom (D:5)
  2 necrophages
  3 bullfrogs
  6 scorpions
  6 wights (D:7)
  A cane toad simulacrum (Gauntlet)
  15 killer bees
  2 howler monkeys
  5 hounds
  7 orc priests
  Crazy Yiuf (D:7)
  A jelly (D:5)
  Terence (D:2)
  6 iguanas
  10 orc wizards
  A gnoll (D:1)
  5 adders
  2 river rats (D:5)
  A shadow imp (D:8)
  8 white imps
  2 worms
  8 dart slugs
  40 orcs
  12 bats
  4 endoplasms
  6 giant cockroaches
  4 goblins
  6 hobgoblins
  4 jackals (D:2)
  17 kobolds
  2 quokkas
  7 ball pythons
  2 frilled lizards
  6 rats
267 creatures vanquished.

Vanquished Creatures (others)
  5 fungi
  55 plants (Lair:1)
60 creatures vanquished.

Grand Total: 327 creatures vanquished

Notes
Turn   | Place    | Note
-------+----------+-------------------------------------------
     0 | D:1      | spardeous the Felid Earth Elementalist began the quest for
                  | the Orb.
     0 | D:1      | Reached XP level 1. HP: 7/7 MP: 4/4
    63 | D:1      | Reached skill level 3 in Dodging
   156 | D:1      | Reached XP level 2. HP: 11/11 MP: 3/6
   233 | D:1      | Found a faded altar of an unknown god.
   465 | D:1      | Reached XP level 3. HP: 14/14 MP: 4/7
  1029 | D:2      | Reached skill level 4 in Dodging
  1105 | D:2      | Noticed Terence
  1170 | D:2      | Killed Terence
  1307 | D:2      | Reached XP level 4. HP: 18/18 MP: 6/8
  1538 | D:2      | You fall into a shaft and drop 2 floors!
  1897 | D:3      | Reached skill level 5 in Dodging
  2747 | D:2      | Noticed Sigmund
  2868 | D:3      | Reached XP level 5. HP: 21/21 MP: 5/9
  4051 | D:2      | Slain by Sigmund
  4052 | D:2      | Reached XP level 4. HP: -1/18 MP: 6/8
  5122 | D:2      | Killed Sigmund
  5123 | D:2      | Reached skill level 1 in Fighting
  5123 | D:2      | Reached skill level 6 in Dodging
  5123 | D:2      | Reached XP level 5. HP: 13/22 MP: 4/9
  5512 | D:4      | Gained mutation: You are covered in thick fur. (AC +2)
                  | [Felid growth]
  5512 | D:4      | Reached XP level 6. HP: 25/26 MP: 5/10
  5771 | D:4      | Found a runed translucent gate.
  5771 | D:4      | Noticed pigah's ghost (amateur OpWn)
  5772 | D:4      | Found a runed translucent gate.
  5773 | D:4      | Found a runed translucent gate.
  5827 | D:4      | Killed pigah's ghost
  5828 | D:4      | Reached skill level 5 in Earth Magic
  6017 | D:5      | Entered Level 5 of the Dungeon
  6026 | D:5      | Reached skill level 7 in Dodging
  6026 | D:5      | Reached XP level 7. HP: 31/31 MP: 11/11
  6070 | D:5      | Found a staircase to the Ecumenical Temple.
  6083 | D:5      | Found a runed translucent door.
  6111 | Temple   | Entered the Ecumenical Temple
  6298 | Temple   | Became a worshipper of Gozag Ym Sagoz the Greedy
  6425 | D:5      | Found a radiant altar of Vehumet.
  6689 | D:5      | Noticed OTABOTABOTAB's ghost (novice OpTm)
  6726 | D:5      | Found a runed translucent door.
  6741 | D:5      | Reached skill level 8 in Dodging
  6745 | D:5      | Learned a level 3 spell: Stone Arrow
  6914 | D:5      | Reached skill level 1 in Conjurations
  7228 | D:5      | Reached XP level 8. HP: 33/34 MP: 12/12
  7523 | D:5      | Killed OTABOTABOTAB's ghost
  7524 | D:5      | Reached skill level 9 in Dodging
  7825 | D:5      | Reached skill level 10 in Dodging
  8319 | D:6      | Reached skill level 5 in Conjurations
  8663 | D:6      | Reached XP level 9. HP: 37/37 MP: 13/13
  9452 | D:7      | Reached skill level 5 in Spellcasting
  9529 | D:7      | Learned a level 4 spell: Petrify
 10114 | D:7      | Identified the +7 hammer of Ankeit {venom, Str+5 Int+2
                  | Dex-2}
 10127 | D:7      | Found a runed translucent door.
 10128 | D:7      | Noticed Crazy Yiuf
 10162 | D:7      | Killed Crazy Yiuf
 10463 | D:8      | Learned a level 3 spell: Spider Form
 10906 | D:8      | Found Rytyruseps's Weapon Emporium.
 11238 | D:8      | Reached XP level 10. HP: 42/42 MP: 11/21
 12675 | D:10     | Entered Level 10 of the Dungeon
 12750 | D:10     | Noticed a two-headed ogre
 12985 | D:10     | Noticed a cyclops
 12985 | D:10     | Noticed an orc knight
 13010 | D:10     | Killed a cyclops
 13242 | D:10     | Killed an orc knight
 13368 | D:10     | Reached skill level 10 in Conjurations
 13404 | D:10     | Noticed a deep elf pyromancer
 14012 | D:10     | Killed a two-headed ogre
 14013 | D:10     | Reached skill level 5 in Stealth
 14072 | D:10     | Killed a deep elf pyromancer
 14073 | D:10     | Reached XP level 11. HP: 45/45 MP: 19/22
 14222 | D:10     | Reached skill level 1 in Unarmed Combat
 15188 | D:11     | Identified the +5 trident of the Disturbing Ghosts {venom,
                  | rCorr Str+4}
 15894 | D:11     | Found a staircase to the Lair.
 15957 | D:11     | Reached skill level 11 in Dodging
 16022 | D:11     | Noticed a two-headed ogre
 16044 | D:11     | Killed a two-headed ogre
 16243 | D:11     | Noticed a boulder beetle
 16246 | D:11     | Noticed a two-headed ogre
 16312 | Lair:1   | Entered Level 1 of the Lair of Beasts
 16440 | Lair:1   | Noticed Amaemon
 16643 | Lair:1   | Reached skill level 5 in Fighting
 16657 | Lair:1   | Mangled by a komodo dragon
 16658 | Lair:1   | Reached XP level 10. HP: -12/44 MP: 0/30
 16688 | Lair:1   | Noticed a cane toad
 16716 | Lair:1   | Found a gate leading to a gauntlet.
 16726 | Gauntlet | Entered a Gauntlet
 16726 | Gauntlet | Found a transporter.
 16726 | Gauntlet | Found a transporter.
 16739 | Gauntlet | Noticed a death scarab
 16748 | Gauntlet | Found a transporter.
 16751 | Gauntlet | Found a transporter.
 16756 | Gauntlet | Noticed a moth of wrath
 16758 | Gauntlet | Found a transporter.
 16761 | Gauntlet | Found a transporter.
 16765 | Gauntlet | Noticed an entropy weaver
 16766 | Gauntlet | Noticed a moth of wrath
 16767 | Gauntlet | a moth of wrath changed into a floating eye
 16771 | Gauntlet | Found a transporter.
 16773 | Gauntlet | an entropy weaver changed into a queen bee
 16778 | Gauntlet | a tarantella changed into a harpy
 16778 | Gauntlet | Noticed a harpy (glowing shapeshifter)
 16779 | Gauntlet | a harpy changed into a queen bee
 16783 | Gauntlet | a queen bee changed into a fire crab
 16783 | Gauntlet | Noticed a fire crab (glowing shapeshifter)
 16787 | Gauntlet | Noticed a four-headed hydra
 16790 | Gauntlet | Found a transporter.
 16790 | Gauntlet | Noticed a torpor snail
 16792 | Gauntlet | a queen bee changed into a black mamba
 16792 | Gauntlet | Noticed a black mamba (shapeshifter)
 16793 | Gauntlet | a fire crab changed into a redback
 16794 | Gauntlet | a redback changed into a two-headed ogre
 16794 | Gauntlet | Noticed a two-headed ogre (glowing shapeshifter)
 16795 | Gauntlet | Found a transporter.
 16795 | Gauntlet | a two-headed ogre changed into a dream sheep
 16798 | Gauntlet | Found a transporter.
 16799 | Gauntlet | a dream sheep changed into a death drake
 16799 | Gauntlet | Noticed a death drake (glowing shapeshifter)
 16802 | Gauntlet | a death drake changed into a shining eye
 16802 | Gauntlet | Noticed a shining eye (glowing shapeshifter)
 16805 | Gauntlet | a shining eye changed into a swamp worm
 16809 | Gauntlet | Found a transporter.
 16809 | Gauntlet | Found a transporter.
 16867 | Gauntlet | Learned a level 2 spell: Wereblood
 16893 | Gauntlet | Noticed a salamander
 16931 | Gauntlet | Gained mutation: You are frail. (-10% HP) [potion of
                  | mutation]
 16984 | Gauntlet | Noticed a two-headed ogre
 16991 | Gauntlet | a two-headed ogre changed into an anaconda
 16991 | Gauntlet | Noticed an anaconda (shapeshifter)
 16996 | Gauntlet | an anaconda changed into an ettin
 16996 | Gauntlet | Noticed an ettin (shapeshifter)
 17026 | Gauntlet | Noticed an eye of devastation
 17029 | Gauntlet | an eye of devastation changed into a slime creature
 17030 | Gauntlet | a slime creature changed into a broodmother
 17030 | Gauntlet | Noticed a broodmother (glowing shapeshifter)
 17043 | Gauntlet | Noticed a quicksilver ooze
 17046 | Gauntlet | an ettin changed into a radroach
 17046 | Gauntlet | Noticed a radroach (shapeshifter)
 17053 | Gauntlet | a quicksilver ooze changed into a bunyip
 17053 | Gauntlet | Noticed a bunyip (glowing shapeshifter)
 17054 | Gauntlet | a bunyip changed into a quicksilver ooze
 17054 | Gauntlet | Noticed a quicksilver ooze (glowing shapeshifter)
 17136 | Gauntlet | Noticed a bunyip
 17151 | Gauntlet | Identified the +2 mace of Otuz {drain, rN+}
 17175 | Gauntlet | Noticed a shock serpent
 17175 | Gauntlet | Noticed a quicksilver ooze
 17180 | Gauntlet | a shock serpent changed into a snapping turtle
 17184 | Gauntlet | a quicksilver ooze changed into a tyrant leech
 17187 | Gauntlet | Noticed a moth of wrath
 17308 | Gauntlet | a floating eye changed into a lindwurm
 17308 | Gauntlet | Noticed a lindwurm (glowing shapeshifter)
 17433 | Gauntlet | Mangled by a four-headed hydra
 17434 | Gauntlet | Reached XP level 9. HP: -13/37 MP: 0/29
 17439 | Gauntlet | Noticed an orb spider
 17449 | Gauntlet | Mangled by a four-headed hydra

Illustrated notes

Levels and vault maps discovered:
D:1:      tarquinn_simple_flora_water_a, layout_loops_ring,
          ebering_ecumenical_altar_rust
D:2:      layout_basic, minmay_pentomino_u2, uniq_terence, uniq_sigmund
D:3:      cheibrodos_helix_gallery, layout_basic, minmay_fountain_box
D:4:      layout_cave_pools, ebering_ghost_rock_garden, dk_vineyard_2,
          chequers_decorated_corner, grunt_ministairs_6
D:5:      layout_rooms, lemuel_round_altar, minmay_temple_entry_junction_2,
          serial_rivers, chequers_serial_rivers_large_b,
          chequers_serial_rivers_room_b, chequers_serial_rivers_small_a,
          chequers_serial_rivers_room_a, ebering_ghost_sewer_f
D:6:      layout_loops_ring, st_stairs_8
D:7:      layout_loops_ring, uniq_crazy_yiuf_cottage
D:8:      layout_basic, serial_shops, nicolae_lakefront_shop,
          kennysheep_small_circle
D:9:      layout_rooms
D:10:     minmay_bloctagon_deflated, layout_cave_pods
D:11:     nicolae_cairo_tiling_large_dashed, layout_long_grid, lair_entry_dummy,
          david_orc_4, minmay_fractal_squares_gapless_5
Temple:   mainiacjoe_temple_hex_bubbles
Lair:1:   layout_concentric_octagons, serial_forest,
          infiniplex_forest_straight_2, infiniplex_forest_pool,
          infiniplex_forest_join, infiniplex_forest_lined_corner,
          infiniplex_forest_straight_2, gauntlet_entry_generic, roderic_batcave,
          serial_bayou_lake_a, uniq_amaemon
Gauntlet: minmay_gauntlet_mixed_big_or_small [gammafunk_gauntlet_arena_split_x,
          minmay_gauntlet_arena_77_hold_the_fort, gammafunk_gauntlet_arena_open,
          minmay_gauntlet_arena_77_squiggly, gammafunk_gauntlet_arena_corners,
          minmay_gauntlet_arena_77_fan, gauntlet_exit_watery]

Skill      XL: |  1  2  3  4  5  6  7  8  9 10 11 |
---------------+----------------------------------+-----
Dodging        | 3 4 6 7 8 10 11 | 11.7
Earth Magic    | 3 4 5 |  5.9
Fighting       | 1 2 3 6 5 |  6.4
Conjurations   | 1 5 6 10 | 10.1
Spellcasting   | 7 |  7.0
Stealth        | 6 |  6.7
Unarmed Combat | 4 |  4.0
Transmutations | |  1.1

Action                   |  1- 3 |  4- 6 |  7- 9 | 10-12 || total
-------------------------+-------+-------+-------+-------++-------
Melee: Unarmed           |       |     2 |     4 |     5 ||    11
       Bite              |       |       |     1 |     3 ||     4
 Cast: Sandblast         |    45 |    97 |   218 |   124 ||   484
       Stone Arrow       |       |       |    33 |   154 ||   187
  Use: Potion            |       |       |     1 |     7 ||     8
       Scroll            |       |       |     1 |     6 ||     7
Armor: Skin              |       |     2 |     5 |     2 ||     9
Dodge: Dodged            |    14 |    44 |   143 |   123 ||   324

Table legend: (Time is in decaauts)
 A = Elapsed time spent in this place.
 B = Non-inter-level travel time spent in this place.
 C = Inter-level travel time spent in this place.
 D = Time resting spent in this place.
 E = Time spent auto-exploring this place.
 F = Levels seen in this place.
 G = Mean time per level.
                   A        B        C        D        E       F      G
               +--------+--------+--------+--------+--------+-----+--------+
         Total |  15587 |  13920 |   1667 |    865 |  10303 |  14 | 1113.4 |
       Dungeon |  14333 |  12703 |   1630 |    653 |   9994 |  11 | 1303.0 |
        Temple |    246 |    209 |     37 |      0 |    205 |   1 |  246.0 |
          Lair |    358 |    358 |      0 |      0 |     14 |   1 |  358.0 |
      Gauntlet |    649 |    649 |      0 |    212 |     88 |   1 |  649.0 |
               +--------+--------+--------+--------+--------+-----+--------+

Top non-repeatable levels by time:
     D:2: 2120 daAuts
    D:10: 1732 daAuts
    D:11: 1559 daAuts
     D:5: 1493 daAuts
     D:8: 1442 daAuts
     D:3: 1422 daAuts
     D:7: 1332 daAuts
     D:6: 930 daAuts
     D:1: 892 daAuts
     D:4: 735 daAuts
     D:9: 672 daAuts
Gauntlet: 649 daAuts
  Lair:1: 358 daAuts
  Temple: 246 daAuts
